Punishers vs Penguins
Created - December 29, 2022 at 20:29
Goals
|
Punishers |
0 |
0 |
3 |
3 |
Penguins |
0 |
1 |
0 |
1 |
|
Shots
|
Punishers |
10 |
11 |
7 |
28 |
Penguins |
9 |
21 |
7 |
37 |
|
1st period
No Goal
Penalties :
Carter Ashton (Pro) for Holding (Minor) at 0:43, Connor Clifton (Pro) for Roughing (Minor) at 3:43, Anthony Beauvillier (Wil) for Hooking (Minor) at 14:32
2nd period
1. Penguins , Iven Barbashev 10 (Anthony Beauvillier 12, Cedric Paquette 15) at 3:30
Penalties :
Anton Blidh (Pro) for Slashing (Minor) at 6:30, Austen Brassard (Pro) for Roughing (Minor) at 9:24, Oskar Lindblom (Pro) for High sticking (Minor) at 14:21, Fredrik Claesson (Pro) for Hooking (Minor) at 19:41
3rd period
2. Punishers , Fredrik Claesson 1 (Noah Juulsen 8, Radek Faksa 26) at 2:23
3. Punishers , Carter Ashton 8 (John Quenneville 11, Anton Blidh 7) at 2:36
4. Punishers , Radek Faksa 8 (Corey Tropp 14) at 5:19 (PP)
Penalties :
Frederick Gaudreau (Wil) for High sticking (Minor) at 5:09, John Hayden (Pro) for Holding Stick (Minor) at 7:03, Corey Tropp (Pro) for Interference (Minor) at 8:07
Goalie Stats
Daniel Altshuller (Pro), 36 saves from 37 shots - (0.973), W, 1-6-0, 60:00 minutes
Jeremy Swayman (Wil), 25 saves from 28 shots - (0.893), L, 5-8-0, 60:00 minutes
Players Stats for Punishers
Player Name G A P +/- PIM S H SB GA TA FO MP PP MP PK MP
------------------------------------------------------------------------------------
Alexander Nylander 0 0 0 0 0 0 0 0 0 0 0/0 0:21 0:00 0:00
Anton Blidh 0 1 1 1 2 0 0 1 0 0 0/1 13:11 0:47 1:11
Austen Brassard 0 0 0 -1 2 1 0 0 0 0 0/0 10:35 0:00 0:00
Ben Betker 0 0 0 -1 0 1 2 1 1 0 0/0 29:08 1:26 10:13
Ben Meyers 0 0 0 0 0 0 0 0 0 0 0/0 3:02 0:00 2:18
Carson Meyer 0 0 0 0 0 0 1 0 1 0 0/0 5:42 0:00 0:00
Carter Ashton 1 0 1 1 2 3 1 1 0 1 0/0 15:54 0:47 3:34
Connor Clifton 0 0 0 1 2 1 3 0 0 1 0/0 19:58 0:43 4:52
Corey Tropp 0 1 1 1 2 7 2 1 1 0 0/2 24:35 1:22 8:00
Fredrik Claesson 1 0 1 2 2 3 0 1 0 1 0/0 20:26 0:43 5:09
John Hayden 0 0 0 0 2 0 0 1 0 0 1/1 13:41 0:00 0:01
John Quenneville 0 1 1 1 0 2 5 0 0 1 5/10 16:14 0:47 4:20
Kevin Roy 0 0 0 -1 0 0 1 1 0 1 0/4 10:14 0:00 0:00
Nicolas Roy 0 0 0 0 0 0 0 1 0 0 0/1 2:35 0:00 0:00
Niko Mikkola 0 0 0 1 0 0 0 0 0 0 0/0 12:37 0:00 0:49
Noah Juulsen 0 1 1 0 0 1 5 4 0 2 0/0 28:26 1:26 8:51
Oskar Lindblom 0 0 0 -1 2 2 2 1 0 0 0/0 11:02 0:00 0:32
Phillip Danault 0 0 0 0 0 2 2 0 0 0 0/2 15:19 1:22 0:00
Radek Faksa 1 1 2 1 0 5 2 0 0 1 21/39 25:18 1:22 9:02
Tanner Jeannot 0 0 0 0 0 0 0 0 1 0 0/0 5:42 0:00 0:00
Players Stats for Penguins
Player Name G A P +/- PIM S H SB GA TA FO MP PP MP PK MP
------------------------------------------------------------------------------------
Adam Brooks 0 0 0 0 0 1 1 0 0 0 1/1 9:58 0:00 0:00
Andrew O'Brien 0 0 0 0 0 3 4 4 0 2 0/0 28:41 9:22 1:36
Anthony Beauvillier 0 1 1 1 2 1 0 0 0 0 1/2 17:22 5:43 0:10
Cedric Paquette 0 1 1 1 0 1 0 0 1 0 7/14 17:38 5:43 0:24
Christopher Tanev 0 0 0 0 0 1 1 1 0 0 0/0 28:41 9:22 1:36
Curtis Hamilton 0 0 0 0 0 5 2 0 0 0 0/0 10:35 0:03 0:12
Dakota Mermis 0 0 0 0 0 2 0 1 0 0 0/0 19:49 5:35 0:33
Danny Biega 0 0 0 -1 0 0 0 1 0 0 0/0 11:30 0:00 0:00
Eetu Luostarinen 0 0 0 -1 0 1 0 0 1 0 2/3 8:53 0:04 0:12
Evan Rodrigues 0 0 0 -1 0 3 1 0 0 0 1/2 21:51 9:11 0:00
Frederick Gaudreau 0 0 0 -1 2 3 4 0 1 1 17/32 23:09 9:10 1:23
Gavin Bayreuther 0 0 0 0 0 3 1 1 1 1 0/0 19:49 5:35 0:33
Iven Barbashev 1 0 1 1 0 3 2 0 1 0 0/0 17:38 5:43 0:24
Jeff Malott 0 0 0 -1 0 1 0 0 0 0 0/0 8:22 0:00 0:00
John Marino 0 0 0 -1 0 0 0 1 0 0 0/0 11:30 0:00 0:00
Kyle Connor 0 0 0 -1 0 5 0 0 2 0 3/5 23:25 9:11 1:33
Max Gortz 0 0 0 0 0 1 0 0 1 0 1/1 10:28 0:03 0:00
Sam Kurker 0 0 0 -1 0 3 0 1 0 0 0/0 8:30 0:00 0:00
3 Stars
1 - Daniel Altshuller (Pro)
2 - Radek Faksa (Pro)
3 - John Quenneville (Pro)
Power Play
Punishers - 1 on 2 Attempt(s) - 50.00%
Penguins - 0 on 8 Attempt(s) - 0.00%
Penalty Kill
Punishers - 8 on 8 Attempt(s) - 100.00%
- Score 0 goal in Penalty Kill
Penguins - 1 on 2 Attempt(s) - 50.00%
- Score 0 goal in Penalty Kill
Team Stat
Punishers - Hits : 26 - Faceoff Wins : 27 - Blocked Shots : 13 - Penalty Minutes : 16
Penguins - Hits : 16 - Faceoff Wins : 33 - Blocked Shots : 10 - Penalty Minutes : 4
Official
Referees : Wes McCauley and Graham Skilliter
Linesman : Michel Cormier and Greg Devorski
Game Notes
No Game Note
Finance
Level 1 -- Attendance: 1925 (96.25%) -- Ticket Income $67,375
Level 2 -- Attendance: 855 (85.50%) -- Ticket Income $12,825
Total Attendance: 2780 (92.67%)
Total Ticket Income: $80,200
Other Income: $4,010
Total Income: $84,210
Punishers
5 vs 5 Forward
Center Left Wing Right Wing Time % Phy DF OF
1 Radek Faksa Phillip Danault Corey Tropp 40 1 2 2
2 John Quenneville Anton Blidh Carter Ashton 30 1 2 2
3 Kevin Roy Oskar Lindblom Austen Brassard 20 1 2 2
4 John Hayden Tanner Jeannot Carson Meyer 10 1 2 2
5 vs 5 Defense
Defense Defense Time % Phy DF OF
1 Ben Betker Noah Juulsen 40 1 2 2
2 Fredrik Claesson Connor Clifton 30 1 2 2
3 Niko Mikkola John Hayden 20 1 2 2
4 Ben Betker Noah Juulsen 10 1 2 2
PowerPlay Forward
Center Left Wing Right Wing Time % Phy DF OF
1 Radek Faksa Phillip Danault Corey Tropp 60 1 2 2
2 John Quenneville Anton Blidh Carter Ashton 40 1 2 2
PowerPlay Defense
Defense Defense Time % Phy DF OF
1 Ben Betker Noah Juulsen 60 1 2 2
2 Fredrik Claesson Connor Clifton 40 1 2 2
Penalty Kill 4 Players Forward
Center Wing Time % Phy DF OF
1 Radek Faksa Corey Tropp 60 1 2 2
2 John Quenneville Carter Ashton 40 1 2 2
Penalty Kill 4 Players Defense
Defense Defense Time % Phy DF OF
1 Ben Betker Noah Juulsen 60 1 2 2
2 Fredrik Claesson Connor Clifton 40 1 2 2
Penalty Kill - 3 Players Forward
Forward Time % Phy DF OF
1 Radek Faksa 60 1 2 2
2 Corey Tropp 40 1 2 2
Penalty Kill - 3 Players Defense
Defense Defense Time % Phy DF OF
1 Ben Betker Noah Juulsen 60 1 2 2
2 Fredrik Claesson Connor Clifton 40 1 2 2
4 vs 4 Forward
Center Wing Time % Phy DF OF
1 Radek Faksa Corey Tropp 60 1 2 2
2 John Quenneville Carter Ashton 40 1 2 2
4 vs 4 Defense
Defense Defense Time % Phy DF OF
1 Ben Betker Noah Juulsen 60 1 2 2
2 Fredrik Claesson Connor Clifton 40 1 2 2
Last Minutes Offensive
Center Left Wing Right Wing Defense Defense
Radek Faksa Phillip Danault Corey Tropp Ben Betker Noah Juulsen
Last Minutes Defensive
Center Left Wing Right Wing Defense Defense
Radek Faksa Phillip Danault Corey Tropp Ben Betker Noah Juulsen
Goaltenders
Starting : Daniel Altshuller
Backup : Louis Domingue
Extra Forwards
Normal : Nicolas Roy, Alexander Nylander, Ben Meyers - PP : Nicolas Roy, Alexander Nylander - PK : Ben Meyers
Extra Defensemen
Normal : Niko Mikkola, Fredrik Claesson, Connor Clifton - PP : Niko Mikkola - PK : Fredrik Claesson, Connor Clifton
Penalty Shots
Radek Faksa, Corey Tropp, John Quenneville, Carter Ashton, Phillip Danault
Scratches
Daniel Audette (Healthy), Kole Lind (Healthy), Artem Zub (Herniated Disc Injury), Beck Malenstyn (Healthy)
Penguins
5 vs 5 Forward
Center Left Wing Right Wing Time % Phy DF OF
1 Frederick Gaudreau Kyle Connor Evan Rodrigues 40 1 2 2
2 Cedric Paquette Iven Barbashev Anthony Beauvillier 30 1 2 2
3 Adam Brooks Curtis Hamilton Max Gortz 20 1 2 2
4 Eetu Luostarinen Jeff Malott Sam Kurker 10 1 2 2
5 vs 5 Defense
Defense Defense Time % Phy DF OF
1 Christopher Tanev Andrew O'Brien 40 1 2 2
2 Dakota Mermis Gavin Bayreuther 30 1 2 2
3 Danny Biega John Marino 20 1 2 2
4 Christopher Tanev Andrew O'Brien 10 1 2 2
PowerPlay Forward
Center Left Wing Right Wing Time % Phy DF OF
1 Frederick Gaudreau Kyle Connor Evan Rodrigues 60 1 2 2
2 Cedric Paquette Iven Barbashev Anthony Beauvillier 40 1 2 2
PowerPlay Defense
Defense Defense Time % Phy DF OF
1 Christopher Tanev Andrew O'Brien 60 1 2 2
2 Dakota Mermis Gavin Bayreuther 40 1 2 2
Penalty Kill 4 Players Forward
Center Wing Time % Phy DF OF
1 Frederick Gaudreau Kyle Connor 60 1 2 2
2 Cedric Paquette Iven Barbashev 40 1 2 2
Penalty Kill 4 Players Defense
Defense Defense Time % Phy DF OF
1 Christopher Tanev Andrew O'Brien 60 1 2 2
2 Dakota Mermis Gavin Bayreuther 40 1 2 2
Penalty Kill - 3 Players Forward
Forward Time % Phy DF OF
1 Frederick Gaudreau 60 1 2 2
2 Cedric Paquette 40 1 2 2
Penalty Kill - 3 Players Defense
Defense Defense Time % Phy DF OF
1 Christopher Tanev Andrew O'Brien 60 1 2 2
2 Dakota Mermis Gavin Bayreuther 40 1 2 2
4 vs 4 Forward
Center Wing Time % Phy DF OF
1 Frederick Gaudreau Kyle Connor 60 1 2 2
2 Cedric Paquette Iven Barbashev 40 1 2 2
4 vs 4 Defense
Defense Defense Time % Phy DF OF
1 Christopher Tanev Andrew O'Brien 60 1 2 2
2 Dakota Mermis Gavin Bayreuther 40 1 2 2
Last Minutes Offensive
Center Left Wing Right Wing Defense Defense
Frederick Gaudreau Kyle Connor Evan Rodrigues Christopher Tanev Andrew O'Brien
Last Minutes Defensive
Center Left Wing Right Wing Defense Defense
Frederick Gaudreau Kyle Connor Evan Rodrigues Christopher Tanev Andrew O'Brien
Goaltenders
Starting : Jeremy Swayman
Backup : Connor Hellebyuk
Extra Forwards
Normal : Anthony Beauvillier, Iven Barbashev, Max Gortz - PP : Anthony Beauvillier, Iven Barbashev - PK : Anthony Beauvillier
Extra Defensemen
Normal : Gavin Bayreuther, Danny Biega, John Marino - PP : Gavin Bayreuther - PK : Gavin Bayreuther, Danny Biega
Penalty Shots
Frederick Gaudreau, Evan Rodrigues, Kyle Connor, Cedric Paquette, Anthony Beauvillier
Scratches
Brett Pollock (Healthy), Denis Malgin (Healthy), Josh Ho-Sang (Healthy), Juuso Ikonen (Healthy), Matthew Finn (Healthy)
Austin Strand (Healthy), Raphael Bussieres (Healthy), Steven Spinner (Healthy), German Rubtsov (Healthy), Anthony Stolarz (Healthy)
% Time on Ice - Punishers
Lines # - Real PCT - Wanted PCT - Time Play
Normal Forward
1 - 37% - 40% - 15:51
2 - 26% - 30% - 11:07
3 - 24% - 20% - 10:14
4 - 13% - 10% - 5:42
Normal Defense
1 - 39% - 40% - 16:38
2 - 34% - 30% - 14:40
3 - 26% - 20% - 10:57
4 - 2% - 10% - 0:39
PP Forward
1 - 64% - 60% - 1:22
2 - 36% - 40% - 0:47
PP Defense
1 - 67% - 60% - 1:26
2 - 33% - 40% - 0:43
PK Forward
1 - 69% - 60% - 9:42
2 - 31% - 40% - 4:20
PK Defense
1 - 58% - 60% - 8:05
2 - 42% - 40% - 5:57
PK3 Forward
1 - 100% - 60% - 0:55
2 - 0% - 40% - 0:00
PK3 Defense
1 - 64% - 60% - 0:35
2 - 36% - 40% - 0:20
44 Forward
1 - 0% - 60%
2 - 0% - 40%
44 Defense
1 - 0% - 60%
2 - 0% - 40%
Last Minute Offensive - 0:00
Last Minute Defensive - 0:00
Total
Forward - 60:00
Defense - 60:00
|
% Time on Ice - Penguins
Lines # - Real PCT - Wanted PCT - Time Play
Normal Forward
1 - 30% - 40% - 12:41
2 - 28% - 30% - 11:53
3 - 23% - 20% - 9:58
4 - 20% - 10% - 8:22
Normal Defense
1 - 41% - 40% - 17:43
2 - 32% - 30% - 13:41
3 - 27% - 20% - 11:30
4 - 0% - 10% - 0:00
PP Forward
1 - 62% - 60% - 9:14
2 - 38% - 40% - 5:43
PP Defense
1 - 63% - 60% - 9:22
2 - 37% - 40% - 5:35
PK Forward
1 - 81% - 60% - 1:45
2 - 19% - 40% - 0:24
PK Defense
1 - 74% - 60% - 1:36
2 - 26% - 40% - 0:33
PK3 Forward
1 - 0% - 60%
2 - 0% - 40%
PK3 Defense
1 - 0% - 60%
2 - 0% - 40%
44 Forward
1 - 0% - 60%
2 - 0% - 40%
44 Defense
1 - 0% - 60%
2 - 0% - 40%
Last Minute Offensive - 0:00
Last Minute Defensive - 0:00
Total
Forward - 60:00
Defense - 60:00
|
Play-by-Play
1st period
0:01 of 1st period - Radek Faksa wins face-off versus Frederick Gaudreau in neutral zone.
0:04 of 1st period - Wrist shot by Corey Tropp.
0:04 of 1st period - Stopped by Jeremy Swayman with a rebound.
0:10 of 1st period - Wrist shot by Phillip Danault.
0:10 of 1st period - Shot Misses the Net.
0:12 of 1st period - Slapshot by Ben Betker.
0:12 of 1st period - Shot Misses the Net.
0:43 of 1st period - Minor Penalty to Carter Ashton for Holding.
0:44 of 1st period - Frederick Gaudreau wins face-off versus Radek Faksa in Punishers zone.
0:47 of 1st period - Snap shot by Kyle Connor.
0:47 of 1st period - Stopped by Daniel Altshuller with a rebound.
1:50 of 1st period - Ben Betker is hit by Iven Barbashev.
2:06 of 1st period - Slapshot by Dakota Mermis.
2:06 of 1st period - Stopped by Daniel Altshuller without a rebound.
2:07 of 1st period - Frederick Gaudreau wins face-off versus Anton Blidh in Punishers zone.
2:14 of 1st period - Snap shot by Evan Rodrigues.
2:14 of 1st period - Deflect By Noah Juulsen.
2:14 of 1st period - Shot Misses the Net.
2:14 of 1st period - Puck is out of play.
2:15 of 1st period - Radek Faksa wins face-off versus Frederick Gaudreau in Punishers zone.
2:20 of 1st period - Christopher Tanev is hit by Noah Juulsen and loses puck.
2:43 of 1st period - Penalty to Carter Ashton is over, Carter Ashton is back on ice.
3:20 of 1st period - Off-side.
3:21 of 1st period - Frederick Gaudreau wins face-off versus Kevin Roy in neutral zone.
3:43 of 1st period - Minor Penalty to Connor Clifton for Roughing.
3:44 of 1st period - Frederick Gaudreau wins face-off versus Radek Faksa in Punishers zone.
4:13 of 1st period - Ben Betker is hit by Andrew O'Brien and loses puck.
4:56 of 1st period - Snap shot by Evan Rodrigues.
4:56 of 1st period - Stopped by Daniel Altshuller with a rebound.
4:58 of 1st period - Wrist shot by Evan Rodrigues.
4:58 of 1st period - Deflect By Frederick Gaudreau.
4:58 of 1st period - Shot Blocked by Carter Ashton.
4:58 of 1st period - Puck is out of play.
4:59 of 1st period - Radek Faksa wins face-off versus Cedric Paquette in Punishers zone.
5:43 of 1st period - Penalty to Connor Clifton is over, Connor Clifton is back on ice.
5:59 of 1st period - Wrist shot by Austen Brassard.
5:59 of 1st period - Stopped by Jeremy Swayman with a rebound.
6:01 of 1st period - Slapshot by Fredrik Claesson.
6:01 of 1st period - Shot Misses the Net.
6:56 of 1st period - Iven Barbashev is hit by Noah Juulsen and loses puck.
7:01 of 1st period - Wrist shot by Oskar Lindblom.
7:01 of 1st period - Shot Misses the Net.
7:39 of 1st period - Backhand shot by Ben Betker.
7:39 of 1st period - Stopped by Jeremy Swayman with a rebound.
7:54 of 1st period - Kyle Connor is hit by Radek Faksa and loses puck.
8:08 of 1st period - Danny Biega is hit by Connor Clifton and loses puck.
8:37 of 1st period - Radek Faksa is hit by Curtis Hamilton and loses puck.
8:42 of 1st period - Snap shot by Max Gortz.
8:42 of 1st period - Deflect By Curtis Hamilton.
8:42 of 1st period - Stopped by Daniel Altshuller with a rebound.
10:03 of 1st period - Evan Rodrigues is hit by Carter Ashton and loses puck.
11:32 of 1st period - Snap shot by Austen Brassard.
11:32 of 1st period - Shot Misses the Net.
11:34 of 1st period - Slapshot by Connor Clifton.
11:34 of 1st period - Stopped by Jeremy Swayman with a rebound.
11:36 of 1st period - Slapshot by Fredrik Claesson.
11:36 of 1st period - Stopped by Jeremy Swayman without a rebound.
11:37 of 1st period - Radek Faksa wins face-off versus Frederick Gaudreau in Penguins zone.
11:45 of 1st period - Snap shot by Corey Tropp.
11:45 of 1st period - Stopped by Jeremy Swayman without a rebound.
11:46 of 1st period - Radek Faksa wins face-off versus Frederick Gaudreau in Penguins zone.
11:49 of 1st period - Snap shot by Corey Tropp.
11:49 of 1st period - Stopped by Jeremy Swayman without a rebound.
11:50 of 1st period - Radek Faksa wins face-off versus Frederick Gaudreau in Penguins zone.
12:05 of 1st period - Slapshot by Corey Tropp.
12:05 of 1st period - Deflect By Radek Faksa.
12:05 of 1st period - Shot Misses the Net.
12:05 of 1st period - Puck is out of play.
12:06 of 1st period - Cedric Paquette wins face-off versus John Quenneville in Penguins zone.
12:06 of 1st period - Cedric Paquette is hit by Ben Betker.
12:43 of 1st period - Slapshot by Evan Rodrigues.
12:43 of 1st period - Shot Misses the Net.
12:49 of 1st period - Snap shot by Frederick Gaudreau.
12:49 of 1st period - Stopped by Daniel Altshuller with a rebound.
12:59 of 1st period - Christopher Tanev is hit by Oskar Lindblom and loses puck.
13:04 of 1st period - Snap shot by Kevin Roy.
13:04 of 1st period - Shot Misses the Net.
13:26 of 1st period - Andrew O'Brien is hit by Carson Meyer and loses puck.
13:39 of 1st period - Snap shot by Evan Rodrigues.
13:39 of 1st period - Deflect By Frederick Gaudreau.
13:39 of 1st period - Shot Blocked by Noah Juulsen.
13:39 of 1st period - Puck is out of play.
13:40 of 1st period - John Quenneville wins face-off versus Frederick Gaudreau in Punishers zone.
13:55 of 1st period - Snap shot by Carter Ashton.
13:55 of 1st period - Stopped by Jeremy Swayman with a rebound.
13:57 of 1st period - Slapshot by Ben Betker.
13:57 of 1st period - Deflect By Carter Ashton.
13:57 of 1st period - Shot Misses the Net.
13:57 of 1st period - Puck is out of play.
13:58 of 1st period - Radek Faksa wins face-off versus Cedric Paquette in Penguins zone.
14:05 of 1st period - Wrist shot by Phillip Danault.
14:05 of 1st period - Stopped by Jeremy Swayman with a rebound.
14:07 of 1st period - Snap shot by Radek Faksa.
14:07 of 1st period - Stopped by Jeremy Swayman without a rebound.
14:08 of 1st period - Radek Faksa wins face-off versus Cedric Paquette in Penguins zone.
14:23 of 1st period - Wrist shot by Radek Faksa.
14:23 of 1st period - Shot Misses the Net.
14:32 of 1st period - Minor Penalty to Anthony Beauvillier for Hooking.
14:33 of 1st period - Frederick Gaudreau wins face-off versus Phillip Danault in Penguins zone.
14:57 of 1st period - Icing by Ben Betker.
14:58 of 1st period - Kyle Connor wins face-off versus Radek Faksa in Punishers zone.
15:01 of 1st period - Snap shot by Kyle Connor.
15:01 of 1st period - Shot Misses the Net.
15:03 of 1st period - Snap shot by Kyle Connor.
15:03 of 1st period - Stopped by Daniel Altshuller without a rebound.
15:04 of 1st period - John Quenneville wins face-off versus Frederick Gaudreau in Punishers zone.
15:04 of 1st period - John Quenneville is hit by Christopher Tanev.
15:14 of 1st period - Snap shot by John Quenneville.
15:14 of 1st period - Shot Misses the Net.
15:16 of 1st period - Slapshot by Ben Betker.
15:16 of 1st period - Shot Hit the Post.
15:40 of 1st period - Radek Faksa is hit by Frederick Gaudreau and loses puck.
16:09 of 1st period - Eetu Luostarinen is hit by Radek Faksa and loses puck.
16:32 of 1st period - Penalty to Anthony Beauvillier is over, Anthony Beauvillier is back on ice.
16:43 of 1st period - Snap shot by Max Gortz.
16:43 of 1st period - Shot Blocked by Kevin Roy.
17:52 of 1st period - Snap shot by Iven Barbashev.
17:52 of 1st period - Stopped by Daniel Altshuller without a rebound.
17:53 of 1st period - Cedric Paquette wins face-off versus Radek Faksa in Punishers zone.
19:08 of 1st period - Snap shot by Adam Brooks.
19:08 of 1st period - Stopped by Daniel Altshuller without a rebound.
19:09 of 1st period - Frederick Gaudreau wins face-off versus Phillip Danault in Punishers zone.
19:12 of 1st period - Slapshot by Evan Rodrigues.
19:12 of 1st period - Shot Misses the Net.
19:14 of 1st period - Slapshot by Gavin Bayreuther.
19:14 of 1st period - Deflect By Kyle Connor.
19:14 of 1st period - Shot Misses the Net.
19:14 of 1st period - Puck is out of play.
19:15 of 1st period - Radek Faksa wins face-off versus Frederick Gaudreau in Punishers zone.
19:34 of 1st period - Ben Betker is hit by Frederick Gaudreau and loses puck.
19:59 of 1st period - Slapshot by Gavin Bayreuther.
19:59 of 1st period - Stopped by Daniel Altshuller without a rebound.
Goals for this period are 0 for Punishers vs 0 for Penguins.
Shots for this period are 10 for Punishers vs 9 for Penguins.
2nd period
0:01 of 2nd period - Frederick Gaudreau wins face-off versus Radek Faksa in neutral zone.
0:47 of 2nd period - Slapshot by Adam Brooks.
0:47 of 2nd period - Shot Misses the Net.
0:49 of 2nd period - Slapshot by Danny Biega.
0:49 of 2nd period - Shot Blocked by John Hayden.
0:51 of 2nd period - Snap shot by Max Gortz.
0:51 of 2nd period - Stopped by Daniel Altshuller without a rebound.
0:52 of 2nd period - Frederick Gaudreau wins face-off versus Radek Faksa in Punishers zone.
1:24 of 2nd period - Snap shot by Iven Barbashev.
1:24 of 2nd period - Shot Blocked by Fredrik Claesson.
1:42 of 2nd period - Ben Betker is hit by Adam Brooks and loses puck.
1:51 of 2nd period - Backhand shot by Oskar Lindblom.
1:51 of 2nd period - Stopped by Jeremy Swayman with a rebound.
2:05 of 2nd period - Snap shot by Sam Kurker.
2:05 of 2nd period - Stopped by Daniel Altshuller without a rebound.
2:06 of 2nd period - Eetu Luostarinen wins face-off versus Radek Faksa in Punishers zone.
2:21 of 2nd period - Slapshot by Dakota Mermis.
2:21 of 2nd period - Shot Blocked by Corey Tropp.
2:23 of 2nd period - Slapshot by Dakota Mermis.
2:23 of 2nd period - Stopped by Daniel Altshuller with a rebound.
2:25 of 2nd period - Wrist shot by Sam Kurker.
2:25 of 2nd period - Stopped by Daniel Altshuller with a rebound.
2:33 of 2nd period - Wrist shot by Jeff Malott.
2:33 of 2nd period - Stopped by Daniel Altshuller with a rebound.
2:55 of 2nd period - Slapshot by Phillip Danault.
2:55 of 2nd period - Deflect By Danny Biega.
2:55 of 2nd period - Shot Blocked by John Marino.
2:55 of 2nd period - Puck is out of play.
2:56 of 2nd period - John Quenneville wins face-off versus Kyle Connor in Penguins zone.
3:11 of 2nd period - Snap shot by John Quenneville.
3:11 of 2nd period - Stopped by Jeremy Swayman without a rebound.
3:12 of 2nd period - Cedric Paquette wins face-off versus Kevin Roy in Penguins zone.
3:18 of 2nd period - Slapshot by Andrew O'Brien.
3:18 of 2nd period - Stopped by Daniel Altshuller with a rebound.
3:20 of 2nd period - Wrist shot by Cedric Paquette.
3:20 of 2nd period - Stopped by Daniel Altshuller without a rebound.
3:21 of 2nd period - Cedric Paquette wins face-off versus Kevin Roy in Punishers zone.
3:28 of 2nd period - Snap shot by Anthony Beauvillier.
3:28 of 2nd period - Shot Blocked by Noah Juulsen.
3:30 of 2nd period - Snap shot by Iven Barbashev.
3:30 of 2nd period - Goal by Iven Barbashev - Punishers : 0 - Penguins : 1.
3:31 of 2nd period - Frederick Gaudreau wins face-off versus Corey Tropp in neutral zone.
3:40 of 2nd period - Slapshot by Noah Juulsen.
3:40 of 2nd period - Shot Blocked by Christopher Tanev.
3:42 of 2nd period - Slapshot by Ben Betker.
3:42 of 2nd period - Shot Misses the Net.
3:44 of 2nd period - Slapshot by Phillip Danault.
3:44 of 2nd period - Shot Blocked by Andrew O'Brien.
3:46 of 2nd period - Snap shot by Corey Tropp.
3:46 of 2nd period - Stopped by Jeremy Swayman with a rebound.
3:56 of 2nd period - Iven Barbashev is hit by John Quenneville and loses puck.
4:24 of 2nd period - Wrist shot by Curtis Hamilton.
4:24 of 2nd period - Stopped by Daniel Altshuller without a rebound.
4:25 of 2nd period - Frederick Gaudreau wins face-off versus Radek Faksa in Punishers zone.
4:28 of 2nd period - Snap shot by Kyle Connor.
4:28 of 2nd period - Stopped by Daniel Altshuller with a rebound.
5:39 of 2nd period - Snap shot by Jeff Malott.
5:39 of 2nd period - Shot Blocked by Oskar Lindblom.
5:41 of 2nd period - Slapshot by Christopher Tanev.
5:41 of 2nd period - Stopped by Daniel Altshuller with a rebound.
6:02 of 2nd period - Snap shot by Frederick Gaudreau.
6:02 of 2nd period - Shot Misses the Net.
6:04 of 2nd period - Snap shot by Kyle Connor.
6:04 of 2nd period - Shot Blocked by Noah Juulsen.
6:22 of 2nd period - Snap shot by Iven Barbashev.
6:22 of 2nd period - Stopped by Daniel Altshuller with a rebound.
6:30 of 2nd period - Minor Penalty to Anton Blidh for Slashing.
6:31 of 2nd period - Frederick Gaudreau wins face-off versus Radek Faksa in Punishers zone.
7:23 of 2nd period - Evan Rodrigues is hit by John Quenneville and loses puck.
7:38 of 2nd period - Wrist shot by Oskar Lindblom.
7:38 of 2nd period - Shot Misses the Net.
7:40 of 2nd period - Snap shot by Connor Clifton.
7:40 of 2nd period - Shot Misses the Net.
7:42 of 2nd period - Slapshot by Fredrik Claesson.
7:42 of 2nd period - Stopped by Jeremy Swayman without a rebound.
7:43 of 2nd period - Cedric Paquette wins face-off versus Corey Tropp in Penguins zone.
8:30 of 2nd period - Penalty to Anton Blidh is over, Anton Blidh is back on ice.
8:49 of 2nd period - Fredrik Claesson is hit by Gavin Bayreuther and loses puck.
9:24 of 2nd period - Minor Penalty to Austen Brassard for Roughing.
9:25 of 2nd period - Radek Faksa wins face-off versus Frederick Gaudreau in Punishers zone.
9:37 of 2nd period - Wrist shot by Evan Rodrigues.
9:37 of 2nd period - Shot Misses the Net.
9:39 of 2nd period - Slapshot by Andrew O'Brien.
9:39 of 2nd period - Stopped by Daniel Altshuller without a rebound.
9:40 of 2nd period - Radek Faksa wins face-off versus Frederick Gaudreau in Punishers zone.
9:49 of 2nd period - Wrist shot by Kyle Connor.
9:49 of 2nd period - Shot Blocked by Ben Betker.
9:51 of 2nd period - Snap shot by Frederick Gaudreau.
9:51 of 2nd period - Stopped by Daniel Altshuller with a rebound.
9:53 of 2nd period - Slapshot by Andrew O'Brien.
9:53 of 2nd period - Deflect By Radek Faksa.
9:53 of 2nd period - Stopped by Daniel Altshuller with a rebound.
9:55 of 2nd period - Snap shot by Frederick Gaudreau.
9:55 of 2nd period - Stopped by Daniel Altshuller without a rebound.
9:56 of 2nd period - Cedric Paquette wins face-off versus Radek Faksa in Punishers zone.
11:24 of 2nd period - Penalty to Austen Brassard is over, Austen Brassard is back on ice.
11:57 of 2nd period - Slapshot by Ben Betker.
11:57 of 2nd period - Shot Blocked by Danny Biega.
12:03 of 2nd period - Wrist shot by Oskar Lindblom.
12:03 of 2nd period - Stopped by Jeremy Swayman without a rebound.
12:04 of 2nd period - John Quenneville wins face-off versus Cedric Paquette in Penguins zone.
12:05 of 2nd period - Wrist shot by Carter Ashton.
12:05 of 2nd period - Deflect By Iven Barbashev.
12:05 of 2nd period - Stopped by Jeremy Swayman with a rebound.
12:07 of 2nd period - Snap shot by Carter Ashton.
12:07 of 2nd period - Shot Blocked by Dakota Mermis.
12:09 of 2nd period - Wrist shot by Anton Blidh.
12:09 of 2nd period - Shot Hit the Post.
12:11 of 2nd period - Wrist shot by Carter Ashton.
12:11 of 2nd period - Deflect By Anton Blidh.
12:11 of 2nd period - Shot Misses the Net.
12:11 of 2nd period - Puck is out of play.
12:12 of 2nd period - John Quenneville wins face-off versus Cedric Paquette in Penguins zone.
12:41 of 2nd period - Wrist shot by Corey Tropp.
12:41 of 2nd period - Stopped by Jeremy Swayman without a rebound.
12:42 of 2nd period - Frederick Gaudreau wins face-off versus Radek Faksa in Penguins zone.
12:42 of 2nd period - Frederick Gaudreau is hit by Phillip Danault.
12:47 of 2nd period - Christopher Tanev is hit by Corey Tropp and loses puck.
13:06 of 2nd period - Icing by Corey Tropp.
13:07 of 2nd period - Radek Faksa wins face-off versus Cedric Paquette in Punishers zone.
13:18 of 2nd period - Slapshot by Gavin Bayreuther.
13:18 of 2nd period - Stopped by Daniel Altshuller without a rebound.
13:19 of 2nd period - Frederick Gaudreau wins face-off versus John Quenneville in Punishers zone.
13:46 of 2nd period - Cedric Paquette is hit by Phillip Danault and loses puck.
13:55 of 2nd period - Snap shot by Radek Faksa.
13:55 of 2nd period - Stopped by Jeremy Swayman with a rebound.
13:57 of 2nd period - Slapshot by Fredrik Claesson.
13:57 of 2nd period - Shot Blocked by Andrew O'Brien.
14:21 of 2nd period - Minor Penalty to Oskar Lindblom for High sticking.
14:22 of 2nd period - Radek Faksa wins face-off versus Frederick Gaudreau in Punishers zone.
14:36 of 2nd period - Slapshot by Gavin Bayreuther.
14:36 of 2nd period - Deflect By Radek Faksa.
14:36 of 2nd period - Stopped by Daniel Altshuller without a rebound.
14:37 of 2nd period - Frederick Gaudreau wins face-off versus Radek Faksa in Punishers zone.
15:02 of 2nd period - Cedric Paquette is hit by Noah Juulsen.
16:21 of 2nd period - Penalty to Oskar Lindblom is over, Oskar Lindblom is back on ice.
16:34 of 2nd period - Snap shot by Max Gortz.
16:34 of 2nd period - Deflect By Curtis Hamilton.
16:34 of 2nd period - Stopped by Daniel Altshuller without a rebound.
16:35 of 2nd period - Max Gortz wins face-off versus Kevin Roy in Punishers zone.
17:31 of 2nd period - Wrist shot by Corey Tropp.
17:31 of 2nd period - Stopped by Jeremy Swayman with a rebound.
17:33 of 2nd period - Snap shot by Phillip Danault.
17:33 of 2nd period - Shot Misses the Net.
17:49 of 2nd period - Snap shot by Kyle Connor.
17:49 of 2nd period - Stopped by Daniel Altshuller with a rebound.
17:51 of 2nd period - Snap shot by Kyle Connor.
17:51 of 2nd period - Shot Misses the Net.
18:09 of 2nd period - Snap shot by Curtis Hamilton.
18:09 of 2nd period - Stopped by Daniel Altshuller without a rebound.
18:10 of 2nd period - Adam Brooks wins face-off versus John Quenneville in Punishers zone.
18:55 of 2nd period - Anthony Beauvillier is hit by Kevin Roy and loses puck.
19:14 of 2nd period - Slapshot by Noah Juulsen.
19:14 of 2nd period - Stopped by Jeremy Swayman without a rebound.
19:15 of 2nd period - John Hayden wins face-off versus Eetu Luostarinen in Penguins zone.
19:27 of 2nd period - Off-side.
19:28 of 2nd period - Frederick Gaudreau wins face-off versus Radek Faksa in neutral zone.
19:41 of 2nd period - Minor Penalty to Fredrik Claesson for Hooking.
19:42 of 2nd period - Radek Faksa wins face-off versus Frederick Gaudreau in Punishers zone.
19:56 of 2nd period - Snap shot by Radek Faksa.
19:56 of 2nd period - Shot Blocked by Andrew O'Brien.
19:58 of 2nd period - Slapshot by Radek Faksa.
19:58 of 2nd period - Stopped by Jeremy Swayman without a rebound.
19:59 of 2nd period - Anthony Beauvillier wins face-off versus Radek Faksa in Penguins zone.
Goals for this period are 0 for Punishers vs 1 for Penguins.
Shots for this period are 11 for Punishers vs 21 for Penguins.
3rd period
0:01 of 3rd period - Frederick Gaudreau wins face-off versus Radek Faksa in neutral zone.
0:26 of 3rd period - Noah Juulsen is hit by Andrew O'Brien.
0:47 of 3rd period - Off-side.
0:48 of 3rd period - Radek Faksa wins face-off versus Frederick Gaudreau in neutral zone.
0:55 of 3rd period - Radek Faksa is hit by Frederick Gaudreau and loses puck.
1:41 of 3rd period - Penalty to Fredrik Claesson is over, Fredrik Claesson is back on ice.
2:19 of 3rd period - Slapshot by Radek Faksa.
2:19 of 3rd period - Stopped by Jeremy Swayman with a rebound.
2:21 of 3rd period - Wrist shot by Fredrik Claesson.
2:21 of 3rd period - Shot Blocked by Sam Kurker.
2:23 of 3rd period - Slapshot by Noah Juulsen.
2:23 of 3rd period - Deflect By Fredrik Claesson.
2:23 of 3rd period - Goal by Fredrik Claesson - Punishers : 1 - Penguins : 1.
2:24 of 3rd period - Evan Rodrigues wins face-off versus John Quenneville in neutral zone.
2:34 of 3rd period - Slapshot by John Quenneville.
2:34 of 3rd period - Stopped by Jeremy Swayman with a rebound.
2:36 of 3rd period - Slapshot by Carter Ashton.
2:36 of 3rd period - Goal by Carter Ashton - Punishers : 2 - Penguins : 1.
2:37 of 3rd period - Kyle Connor wins face-off versus John Quenneville in neutral zone.
2:39 of 3rd period - Andrew O'Brien is hit by Noah Juulsen and loses puck.
2:48 of 3rd period - Slapshot by Kyle Connor.
2:48 of 3rd period - Shot Misses the Net.
2:50 of 3rd period - Backhand shot by Frederick Gaudreau.
2:50 of 3rd period - Deflect By Kyle Connor.
2:50 of 3rd period - Stopped by Daniel Altshuller with a rebound.
2:52 of 3rd period - Snap shot by Evan Rodrigues.
2:52 of 3rd period - Deflect By Frederick Gaudreau.
2:52 of 3rd period - Shot Blocked by Noah Juulsen.
2:52 of 3rd period - Puck is out of play.
2:53 of 3rd period - Radek Faksa wins face-off versus Cedric Paquette in Punishers zone.
2:58 of 3rd period - Backhand shot by Corey Tropp.
2:58 of 3rd period - Shot Misses the Net.
3:08 of 3rd period - Wrist shot by Phillip Danault.
3:08 of 3rd period - Shot Blocked by Andrew O'Brien.
3:18 of 3rd period - Frederick Gaudreau is hit by John Quenneville and loses puck.
4:22 of 3rd period - Snap shot by Radek Faksa.
4:22 of 3rd period - Shot Misses the Net.
4:24 of 3rd period - Snap shot by Phillip Danault.
4:24 of 3rd period - Stopped by Jeremy Swayman with a rebound.
4:26 of 3rd period - Backhand shot by Connor Clifton.
4:26 of 3rd period - Deflect By Corey Tropp.
4:26 of 3rd period - Stopped by Jeremy Swayman with a rebound.
4:28 of 3rd period - Snap shot by Fredrik Claesson.
4:28 of 3rd period - Shot Misses the Net.
4:30 of 3rd period - Slapshot by Connor Clifton.
4:30 of 3rd period - Shot Blocked by Gavin Bayreuther.
4:59 of 3rd period - Kyle Connor is hit by Oskar Lindblom and loses puck.
5:09 of 3rd period - Minor Penalty to Frederick Gaudreau for High sticking.
5:10 of 3rd period - Radek Faksa wins face-off versus Anthony Beauvillier in Penguins zone.
5:19 of 3rd period - Wrist shot by Radek Faksa.
5:19 of 3rd period - Goal by Radek Faksa - Punishers : 3 - Penguins : 1.
5:20 of 3rd period - Frederick Gaudreau wins face-off versus Radek Faksa in neutral zone.
5:23 of 3rd period - Ben Betker is hit by Andrew O'Brien and loses puck.
5:32 of 3rd period - Snap shot by Evan Rodrigues.
5:32 of 3rd period - Stopped by Daniel Altshuller without a rebound.
5:33 of 3rd period - Radek Faksa wins face-off versus Frederick Gaudreau in Punishers zone.
6:41 of 3rd period - Off-side.
6:42 of 3rd period - Eetu Luostarinen wins face-off versus Nicolas Roy in neutral zone.
6:49 of 3rd period - Wrist shot by Sam Kurker.
6:49 of 3rd period - Stopped by Daniel Altshuller with a rebound.
6:51 of 3rd period - Wrist shot by Jeff Malott.
6:51 of 3rd period - Shot Blocked by Nicolas Roy.
6:53 of 3rd period - Wrist shot by Eetu Luostarinen.
6:53 of 3rd period - Shot Misses the Net.
6:55 of 3rd period - Slapshot by Eetu Luostarinen.
6:55 of 3rd period - Stopped by Daniel Altshuller with a rebound.
6:57 of 3rd period - Slapshot by Dakota Mermis.
6:57 of 3rd period - Shot Misses the Net.
7:03 of 3rd period - Minor Penalty to John Hayden for Holding Stick.
7:04 of 3rd period - Radek Faksa wins face-off versus Frederick Gaudreau in Punishers zone.
7:15 of 3rd period - Snap shot by Evan Rodrigues.
7:15 of 3rd period - Stopped by Daniel Altshuller without a rebound.
7:16 of 3rd period - Radek Faksa wins face-off versus Evan Rodrigues in Punishers zone.
7:52 of 3rd period - Wrist shot by Anthony Beauvillier.
7:52 of 3rd period - Stopped by Daniel Altshuller without a rebound.
7:53 of 3rd period - Radek Faksa wins face-off versus Kyle Connor in Punishers zone.
8:07 of 3rd period - Minor Penalty to Corey Tropp for Interference.
8:08 of 3rd period - Kyle Connor wins face-off versus Radek Faksa in Punishers zone.
9:03 of 3rd period - Penalty to John Hayden is over, John Hayden is back on ice.
10:07 of 3rd period - Penalty to Corey Tropp is over, Corey Tropp is back on ice.
10:15 of 3rd period - Carson Meyer is hit by Curtis Hamilton and loses puck.
10:22 of 3rd period - Snap shot by Curtis Hamilton.
10:22 of 3rd period - Stopped by Daniel Altshuller with a rebound.
11:42 of 3rd period - Danny Biega is hit by Noah Juulsen and loses puck.
13:18 of 3rd period - Max Gortz is hit by John Quenneville and loses puck.
13:36 of 3rd period - Kyle Connor is hit by Connor Clifton and loses puck.
13:59 of 3rd period - Niko Mikkola is hit by Andrew O'Brien and loses puck.
14:34 of 3rd period - Gavin Bayreuther is hit by John Quenneville and loses puck.
15:33 of 3rd period - John Hayden is hit by Iven Barbashev.
15:56 of 3rd period - Slapshot by Ben Betker.
15:56 of 3rd period - Shot Misses the Net.
16:10 of 3rd period - Carter Ashton is hit by Frederick Gaudreau and loses puck.
16:19 of 3rd period - Snap shot by Frederick Gaudreau.
16:19 of 3rd period - Shot Blocked by Anton Blidh.
16:37 of 3rd period - Icing by Niko Mikkola.
16:38 of 3rd period - Cedric Paquette wins face-off versus Radek Faksa in Punishers zone.
16:49 of 3rd period - Iven Barbashev is hit by Corey Tropp and loses puck.
17:07 of 3rd period - Andrew O'Brien is hit by Ben Betker and loses puck.
17:26 of 3rd period - Kyle Connor is hit by Connor Clifton and loses puck.
18:25 of 3rd period - Niko Mikkola is hit by Evan Rodrigues and loses puck.
18:42 of 3rd period - Wrist shot by Kevin Roy.
18:42 of 3rd period - Shot Misses the Net.
Goals for this period are 3 for Punishers vs 0 for Penguins.
Shots for this period are 7 for Punishers vs 7 for Penguins.